 Dungeon Crawl Stone Soup version 0.28-b1-25-g9875b3fc8c (webtiles) character file.

Game seed: 6289760011181409067

1971337 inmateoo the Wrestler (level 27, 236/236 HPs)
             Began as a Demonspawn Monk on Feb 5, 2022.
             Was the Champion of Cheibriados.
             Escaped with the Orb
             ... and 3 runes on Feb 6, 2022!
             The game lasted 01:49:40 (53508 turns).

inmateoo the Wrestler (Demonspawn Monk)            Turns: 53508, Time: 01:49:41

Health: 236/236    AC: 14    Str: 37    XL:     27
Magic:  41/41      EV: 41    Int: 30    God:    Cheibriados [******]
Gold:   5482       SH:  0    Dex: 35    Spells: 18/54 levels left

rFire   + + .      SeeInvis .     - Unarmed
rCold   + + +      Faith    .   (no shield)
rNeg    + . .      Spirit   +   b - +1 robe of Vines {NoPotionHeal Regen++++}
rPois   +          Reflect  .   (helmet unavailable)
rElec   .          Harm     .   X - +1 cloak "Yskiehut" {Contam rC+++ rN+ Dex+2}
rCorr   .          Rampage  .   T - +1 pair of gloves {Str+3}
Will    +++..      Clarity  +   B - +1 pair of boots
Stlth   +.........              N - amulet of regeneration
HPRegen 4.49/turn               l - ring "Ohututin" {rF+ Dex+3}
MPRegen 0.54/turn               s - ring of willpower

@: very slow
A: horns 3, slimy green scales 3, ignite blood 3, magic shield, magic
regeneration, magic link, black mark, bedeviling, aura of silence, clarity,
dopey 2, fire resistance 1, screaming 1
0: Orb of Zot
}: 3/15 runes: decaying, serpentine, abyssal
a: Renounce Religion, Bend Time, Temporal Distortion, Slouch, Step From Time


You escaped.
You worshipped Cheibriados.
Cheibriados was exalted by your worship.
You visited 10 branches of the dungeon, and saw 48 of its levels.
You visited the Abyss 2 times.
You also visited: Gauntlet.

You collected 8394 gold pieces.
You spent 2912 gold pieces at shops.

Inventory:

Missiles
 c - 6 throwing nets
 o - 13 curare-tipped darts (quivered)
Armour
 b - the +1 robe of Vines (worn) {NoPotionHeal Regen++++}
   (You found it on level 4 of the Vaults)

   Its wearer cannot be healed by potions.
   Regen:     It increases your rate of health regeneration.
 y - a +0 buckler
 B - a +1 pair of boots (worn)
 T - a +1 pair of gloves of strength (worn)
 X - the +1 cloak "Yskiehut" (worn) {Contam rC+++ rN+ Dex+2}
   (You found it on level 3 of the Swamp)

   Dex:       It affects your dexterity (+2).
   rC:        It renders you almost immune to cold.
   rN:        It protects you from negative energy.
   Contam:    It causes magical contamination when unequipped.
Jewellery
 k - the dreamshard necklace {*Dream Drain}
   (You found it on level 3 of the Lair of Beasts)

   [amulet of nothing]

   It shatters if its wearer takes lethal or near-lethal damage, preventing the
   blow and releasing protective dreams that heal and fight for the wearer.
   Drain:     It drains your maximum health when unequipped.
 l - the ring "Ohututin" (left hand) {rF+ Dex+3}
   (You took it off a deep elf demonologist on level 3 of the Elven Halls)

   [ring of protection from fire]

   Dex:       It affects your dexterity (+3).
   rF:        It protects you from fire.
 r - a +6 ring of intelligence
 s - a ring of willpower (right hand)
 N - an amulet of regeneration (around neck)
 R - a ring of see invisible
 S - a ring of resist corrosion
 W - a ring of wizardry
Wands
 g - a wand of digging (7)
 p - a wand of acid (18)
 w - a wand of mindburst (25)
 z - a wand of charming (24)
 C - a wand of polymorph (17)
 E - a wand of iceblast (3)
 F - a wand of paralysis (15)
 O - a wand of flame (107)
Scrolls
 e - 24 scrolls of teleportation
 f - 5 scrolls of blinking
 u - 7 scrolls of fear
 D - 9 scrolls of amnesia
 I - 6 scrolls of magic mapping
 L - 6 scrolls of fog
 U - 9 scrolls of enchant armour
Potions
 a - 8 potions of curing
 d - 3 potions of heal wounds
 h - 2 potions of berserk rage
 i - 5 potions of lignification
 j - 2 potions of ambrosia
 m - 4 potions of resistance
 n - 12 potions of mutation
 q - 3 potions of might
 v - 3 potions of magic
 x - a potion of flight
 A - 2 potions of cancellation
 J - 5 potions of brilliance
Miscellaneous
 t - a phantom mirror
 K - a condenser vane


   Skills:
 + Level 23.4 Fighting
 - Level 8.0 Armour
 + Level 21.4 Dodging
 - Level 1.7 Stealth
 - Level 6.0 Shields
 - Level 24.0 Unarmed Combat
 - Level 14.0 Spellcasting
 - Level 6.0 Summonings
 - Level 14.0 Transmutations
 - Level 5.1 Air Magic
 - Level 14.0 Earth Magic
 - Level 10.0 Invocations
 - Level 5.0 Evocations


You had 18 spell levels left.
You knew the following spells:

 Your Spells              Type           Power      Damage    Failure   Level
a - Statue Form           Tmut/Erth      54%        N/A       1%          6
b - Wereblood             Tmut           81%        N/A       0%          2
c - Summon Lightning Spi  Summ/Air       53%        N/A       2%          4
d - Manifold Assault      Tloc           21%        N/A       54%         5
e - Passwall              Tmut/Erth      67%        N/A       0%          2
f - Apportation           Tloc           42%        N/A       2%          1
g - Borgnjor's Vile Clut  Necr/Erth      29%        N/A       3%          5
h - Summon Forest         Summ/Tloc      19%        N/A       19%         5
i - Passage of Golubria   Tloc           21%        N/A       22%         4
j - Blink                 Tloc           42%        N/A       3%          2

Your spell library contained the following spells:

 Spells                   Type           Power      Damage    Failure   Level
 Beastly Appendage        Tmut           100%       N/A       0%          1
 Sandblast                Erth           100%       2d20      0%          1
 Shock                    Conj/Air       100%       1d9       1%          1
 Summon Small Mammal      Summ           100%       N/A       1%          1
 Corpse Rot               Necr/Air       72%        N/A       1%          2
 Poisonous Vapours        Pois/Air       72%        N/A       1%          2
 Ignite Poison            Fire/Tmut/Pois 48%        N/A       1%          3
 Spider Form              Tmut/Pois      58%        N/A       1%          3
 Summon Guardian Golem    Hex/Summ       55%        N/A       1%          3
 Swiftness                Air            51%        N/A       1%          3
 Ice Form                 Ice/Tmut       58%        N/A       1%          4
 Petrify                  Tmut/Erth      81%        N/A       1%          4
 Lee's Rapid Deconstruct  Erth           40%        3d21*     1%          5
 Animate Skeleton         Necr           42%        N/A       2%          1
 Magic Dart               Conj           84%        1d7       2%          1
 Pain                     Necr           84%        1d8       2%          1
 Airstrike                Air            25%        N/A       2%          4
 Ensorcelled Hibernation  Hex/Ice        62%        N/A       3%          2
 Scorch                   Fire           42%        2d7       3%          2
 Searing Ray              Conj           42%        2d6       3%          2
 Sublimation of Blood     Necr           21%        N/A       3%          2
 Alistair's Intoxication  Tmut/Pois      38%        N/A       3%          5
 Irradiate                Conj/Tmut      29%        3d23      3%          5
 Conjure Flame            Conj/Fire      21%        6-21      7%          3
 Dazzling Flash           Conj/Hex       62%        N/A       7%          3
 Frozen Ramparts          Ice            42%        1d6       7%          3
 Gell's Gravitas          Tloc           21%        N/A       7%          3
 Inner Flame              Hex/Fire       31%        N/A       7%          3
 Lesser Beckoning         Tloc           21%        N/A       7%          3
 Ozocubu's Armour         Ice            21%        N/A       7%          3
 Teleport Other           Tloc           21%        N/A       7%          3
 Vampiric Draining        Necr           21%        2d7       7%          3
 Summon Ice Beast         Ice/Summ       39%        N/A       7%          4
 Summon Mana Viper        Hex/Summ       55%        N/A       19%         5
 Eringya's Noxious Bog    Tmut/Pois      29%        N/A       21%         6
 Iron Shot                Conj/Erth      29%        9d6       21%         6
 Anguish                  Hex/Necr       15%        N/A       22%         4
 Flame Wave               Conj/Fire      21%        2d7       22%         4
 Fulminant Prism          Conj/Hex       15%        3d11      22%         4
 Hailstorm                Conj/Ice       21%        3d6       22%         4
 Iskenderun's Mystic Bla  Conj/Tloc      21%        2d6       22%         4
 Lightning Bolt           Conj/Air       18%        1d32      22%         5
 Silence                  Hex/Air        26%        N/A       22%         5
 Summon Cactus Giant      Summ           27%        N/A       30%         6
 Freezing Cloud           Conj/Ice/Air   15%        6-21      32%         5
 Storm Form               Tmut/Air       34%        N/A       36%         7
 Agony                    Necr           21%        N/A       54%         5
 Excruciating Wounds      Necr           10%        N/A       54%         5
 Fireball                 Conj/Fire      10%        3d6       54%         5
 Metabolic Englaciation   Hex/Ice        15%        N/A       54%         5
 Summon Hydra             Summ           27%        N/A       86%         7
 Death Channel            Necr           10%        N/A       98%         6
 Dispersal                Tloc           10%        N/A       98%         6
 Simulacrum               Ice/Necr       10%        N/A       98%         6
 Starburst                Conj/Fire      10%        6d5       98%         6
 Ozocubu's Refrigeration  Ice            10%        4d7       100%        7
 Borgnjor's Revivificati  Necr           10%        N/A       100%        8
 Ignition                 Fire           10%        3d5       100%        8
 Maxwell's Capacitive Co  Air            25%        ∞         100%        8
 Necromutation            Tmut/Necr      29%        N/A       100%        8
 Death's Door             Necr           10%        N/A       100%        9
 Polar Vortex             Ice            10%        N/A       100%        9


Dungeon Overview and Level Annotations

Branches:
Dungeon (15/15)            Temple (1/1) D:7            Lair (6/6) D:9
  Swamp (4/4) Lair:2        Snake (4/4) Lair:3        Slime (0/5) Lair:5
    Orc (2/2) D:9             Elf (3/3) Orc:2        Vaults (4/5) D:13
  Crypt (0/3) Vaults:3     Depths (4/4) D:15            Zot (5/5) Depths:4
Gauntlet (visited)

Altars:
Ashenzari
Cheibriados
Dithmenos
Elyvilon
Fedhas
Gozag
Hepliaklqana
Kikubaaqudgha
Makhleb
Nemelex Xobeh
Okawaru
Qazlal
Ru
Sif Muna
Trog
Uskayaw
Vehumet
Wu Jian
Xom
Yredelemnul
Zin
The Shining One
Beogh
Jiyva

Shops:
D:7 ?   D:13 (   D:15 *(([   Orc:1 (   Orc:2 [::*[   Elf:1 ?   Elf:2 (=*
Snake:3 *(   Vaults:1 ?   Vaults:3 (   Vaults:4 (   Depths:1 ==:   Depths:2 *

Portals:
Hell: Depths:1 Depths:2 Depths:3 Depths:4
Abyss: Depths:1 Depths:3 Depths:4
Pandemonium: Depths:2
Ziggurat: Depths:3

Annotations:
Depths:3 exclusion: obsidian statue
Zot:2 2 transporters, Muataran's ghost, veteran MiMo
Zot:5 exclusion: door


Innate Abilities, Weirdness & Mutations

You have a pair of large horns on your head.
You are completely covered in slimy green scales. (AC +4, rPois)
Your demonic aura causes all spilled blood to erupt in flames.
When hurt, damage is shared between your health and your magic reserves.
You regenerate magic rapidly.
When low on magic, you restore magic in place of health.
Your melee attacks may debilitate your foes.
Your hexes are more powerful.
You are surrounded by an aura of silence.
You possess an exceptional clarity of mind.
You are very dopey. (Int -4)
Your flesh is heat resistant. (rF+)
You occasionally shout uncontrollably at your foes.


Message History

The hellwing misses you. The hellwing barely misses you.
The Hell Sentinel misses you.
The Hell Sentinel completely misses you.
You pound the Hell Sentinel into fine dust!!!
You kill the Hell Sentinel!
Cheibriados thoroughly appreciates the change of pace.
The hellwing completely misses you. The hellwing misses you.
The hellwing completely misses you. The hellwing misses you.
The hellwing completely misses you. The hellwing closely misses you.
The hellwing completely misses you. x4
The hellwing swoops through the air toward you!
The hellwing completely misses you. The hellwing barely misses you.
The hellwing completely misses you. x4
You completely miss the hellwing.
The hellwing is moderately wounded.
The hellwing completely misses you. x2
You pulverise the hellwing!!!!
You kill the hellwing!
Cheibriados thoroughly appreciates the change of pace.
Your transformation is almost over.
Casting: Statue Form (mildly dangerous; 1% risk of failure)
Confirm with . or Enter, or press ? or * to list all spells.
You blink.
You feel stable enough to blink again.
You revert to your normal fleshy form.
Your +1 pair of gloves of strength unmelds from your body.
Your +1 pair of boots unmelds from your body.
The +1 robe of Vines {NoPotionHeal Regen++++} unmelds from your body.
You feel stronger. The vines latch onto your body!
Casting: Blink (safe; 3% risk of failure)
Confirm with . or Enter, or press ? or * to list all spells.
Aiming: Passwall (safe; 0% risk of failure)
Press: ? - help, Dir - move target A rock wall.
This square is shrouded in silence and is covered in magical glow.
You begin to meditate on the wall.
You continue meditating on the rock. x2
You finish merging with the rock.
There is a staircase leading out of the dungeon here.
You have escaped!

#.# #...........##.###.....
#.###...........#..........
#.#.#.8..8.8..8.##.###.#.##
#.#.#...........##.#...#)#
#.#.#.....(.....##.#.###.#
#.#.#...........##.#.....##
#.#.#...........##.#.......
#.#.#...........#..##.#####
#.#.......@...........# #
#.#.#...........###########
#######.#.#...........#
#........
........#.#...........#
#........
#########.#...........#
#........ # #.#...........#
#........ # #.#.8..8.8..8.#
#........ # #.#...........#
#........ # #.#...........#
#........


There were no monsters in sight!

Vanquished Creatures
  4 pandemonium lords
  A seraph (D:7)
  2 ancient liches (Zot:5)
  3 dread liches
  4 orbs of fire
  2 juggernauts (Depths:1)
  Sojobo (Depths:2)
  Saint Roka (Orc:2)
  11 Killer Klowns
  2 curse toes
  2 caustic shrikes (Depths:1)
  Vashnia (Snake:3)
  Bai Suzhen (Depths:2)
  Margery (Depths:4)
  Nikola (Swamp:4)
  7 golden dragons
  A profane servitor (D:10)
  3 Tzitzimimeh
  3 bone dragons
  5 electric golems
  3 Brimstone Fiends
  12 tentacled monstrosities
  2 Hell Sentinels
  Jorgrun (Orc:1)
  A hellephant (Abyss:5)
  Rupert (Snake:1)
  A walking crystal tome (Depths:4)
  An Ice Fiend (Zot:3)
  3 liches
  3 deep elf blademasters
  2 deep elf master archers (Elf:3)
  26 Orb Guardians
  9 quicksilver dragons
  7 shadow dragons
  8 death cobs
  10 acid blobs
  3 tengu reavers (Depths:2)
  6 sphinxes
  2 thorn hunters
  3 draconian monks
  10 storm dragons
  17 tentacled starspawn
  A daeva (D:8)
  3 azure jellies (D:13)
  7 nagarajas
  Roxanne (Swamp:3)
  5 vault wardens
  A demonspawn warmonger (D:6)
  2 ghost moths
  An iron dragon (Depths:1)
  The ghost of Qemahefa the Bludgeoner, an adept GrFi of Okawaru (Swamp:3)
  8 fire giants
  11 draconian knights
  Aizul (Depths:2)
  3 ghouls (Swamp:4)
  2 balrugs
  5 draconian scorchers
  8 draconian shifters
  2 orc warlords
  3 frost giants
  5 deep elf sorcerers
  5 draconian stormcallers
  3 cacodemons
  An angel (D:7)
  5 war gargoyles (Depths:3)
  A reaper (D:6)
  2 deep elf elementalists (Elf:3)
  12 ironbound preservers
  4 spriggan defenders
  The ghost of ZodNigurash the Fighter, a journeyman DjFE of Yredelemnul (Lair:6)
  23 very ugly things
  5 draconian annihilators
  5 ironbound thunderhulks
  A stone giant (shapeshifter) (Depths:3)
  4 stone giants
  5 vampire knights
  A demonspawn black sun (D:6)
  11 green draconians
  2 entropy weavers
  4 deep elf demonologists
  6 eleionomae
  Nessos (Lair:5)
  A dire elephant (shapeshifter) (Depths:3)
  Azrael (Snake:1)
  14 black draconians
  6 dire elephants (Vaults:2)
  A minotaur (Gauntlet)
  5 red draconians
  28 yellow draconians
  8 deep elf annihilators (Elf:3)
  An entropy weaver (shapeshifter) (Depths:3)
  12 white draconians
  The ghost of Jazqba the Cleaver, a journeyman HOIE of Trog (Lair:1)
  8 deep elf death magi (Elf:3)
  11 purple draconians
  2 bunyips
  2 blizzard demons (Depths:3)
  2 crystal guardians (Vaults:1)
  Snorg (D:10)
  A green death (Abyss:4)
  6 ettins
  The ghost of poire the Eclecticist, a journeyman DECj of Vehumet (D:13)
  2 shambling mangroves
  2 deep elf high priests (Elf:3)
  11 yaktaur captains
  13 jiangshi
  12 great orbs of eyes
  Josephine (Lair:5)
  4 fire dragons
  Fannar (Orc:1)
  2 rakshasas (Abyss:3)
  Harold (D:7)
  An ice dragon (shapeshifter) (D:14)
  3 vault guards
  Erolcha (D:12)
  14 naga warriors
  5 ice dragons
  2 salamander tyrants
  A spriggan air mage (Depths:1)
  23 centaur warriors
  A peacekeeper (Vaults:1)
  8 ironbound frosthearts
  A catoblepas (shapeshifter) (Depths:3)
  An alligator snapping turtle (shapeshifter) (Depths:3)
  4 boulder beetles
  5 catoblepae
  29 hydras
  Erica (D:11)
  2 ghost crabs
  10 two-headed ogres
  An anaconda (shapeshifter) (Depths:3)
  13 anacondas
  43 dancing weapons
  4 deep troll shamans
  7 alligators
  14 death yaks
  2 death scarabs (Gauntlet)
  4 death knights
  4 tengu warriors
  14 deep troll earth magi
  2 hell hogs
  17 naga sharpshooters
  5 orc high priests
  9 vampire magi
  4 shock serpents
  14 thrashing horrors
  24 hell knights
  2 soul eaters
  6 spriggan berserkers
  9 deep elf knights
  11 iron trolls
  4 sixfirhies
  2 shadow wraiths
  A spatial maelstrom (Abyss:3)
  9 wretched stars
  2 sea snakes (shapeshifter)
  2 salamander mystics
  A deep troll (shapeshifter) (Vaults:1)
  11 glowing orange brains
  6 naga ritualists
  5 goliath frogs
  3 sea snakes (Snake:4)
  2 spriggan druids
  11 deep elf archers
  A shadow demon (D:7)
  8 swamp dragons
  2 obsidian statues (Depths:3)
  59 deep trolls
  17 lindwurms
  10 wizards
  7 bog bodies
  41 deep elf pyromancers
  3 phantasmal warriors
  5 necromancers
  14 orc knights
  44 ugly things
  34 deep elf zephyrmancers
  13 mana vipers
  4 fire giant zombies (Depths:2)
  14 ironbound convokers
  A salamander (shapeshifter) (Depths:3)
  The ghost of carontestyx the Destroyer, a novice DECj of Vehumet (D:7)
  4 will-o-the-wisps
  3 oklob plants (Zot:2)
  7 harpies
  5 manticores
  19 salamanders
  3 frost giant zombies (Depths:2)
  A manticore (shapeshifter) (Depths:3)
  25 moths of wrath
  3 cyclopes
  7 orc sorcerers
  4 worldbinders
  An ice statue (Gauntlet)
  An eye of devastation (D:13)
  2 rust devils
  15 elephants
  20 vault sentinels
  3 molten gargoyles (Depths:3)
  34 black mambas
  Maurice (D:8)
  22 naga magi
  An apocalypse crab (Abyss:4)
  7 guardian serpents
  7 unseen horrors
  5 smoke demons
  4 orange demons (Abyss:3)
  2 gargoyles (D:11)
  A hellion (Abyss:3)
  7 cane toads
  3 torpor snails
  5 freezing wraiths
  A kobold demonologist (D:12)
  42 yaktaurs
  2 tormentors
  13 komodo dragons
  A demonic crawler (Abyss:5)
  4 rime drakes
  5 tengu conjurers
  2 hellwings
  4 ancient zymes
  A silent spectre (Abyss:3)
  7 trolls
  A bloated husk (Swamp:1)
  A meliai (D:12)
  A wind drake (Depths:3)
  A meliai (shapeshifter) (D:14)
  7 polar bears
  8 hornets
  6 tyrant leeches
  A tarantella (Vaults:3)
  A wind drake (shapeshifter) (Depths:3)
  27 large abominations
  21 raiju
  36 slime creatures
  3 blink frogs (Lair:2)
  A spectral dream sheep (Gauntlet)
  A jumping spider (shapeshifter) (Depths:3)
  4 centaur simulacra (Gauntlet)
  A spectral black mamba (Gauntlet)
  6 air elementals
  Sigmund (D:2)
  A jumping spider (Vaults:4)
  7 spriggans
  5 wyverns
  4 ynoxinuls (Abyss:3)
  93 starcursed masses
  A fire bat (shapeshifter) (Abyss:3)
  3 fire bats (Abyss:3)
  10 flying skulls
  3 shadows
  6 wraiths
  56 yaks
  11 water elementals
  11 fire elementals
  A naga simulacrum (Abyss:3)
  A steam dragon (shapeshifter) (D:12)
  2 basilisks
  7 neqoxecs
  15 small abominations
  A golden eye (shapeshifter) (Depths:3)
  A redback (Vaults:4)
  10 chaos spawn
  4 vampire mosquitoes
  5 wargs
  A harpy simulacrum (Abyss:5)
  16 swamp worms
  2 spatial vortices (Abyss:3)
  An acid dragon (D:11)
  63 nagas
  29 water moccasins
  2 floating eyes
  A hydra simulacrum (Abyss:3)
  A water moccasin (shapeshifter) (D:14)
  A floating eye (shapeshifter) (Abyss:4)
  9 swamp drakes
  A black bear (shapeshifter) (D:15)
  2 swamp drakes (shapeshifter) (Depths:3)
  12 hell hounds
  2 ice beasts
  38 orc warriors
  4 boggarts (Vaults:1)
  12 black bears
  3 necrophages
  25 wolves
  7 ogres
  23 centaurs
  3 phantoms
  14 bullfrogs
  2 kobold brigands
  3 gnoll sergeants
  A wyvern zombie (D:6)
  15 earth elementals
  2 scorpions
  A cane toad simulacrum (Gauntlet)
  A spectral wolf (Depths:2)
  5 electric eels
  5 howler monkeys
  3 centaur zombies
  3 quasits (Abyss:3)
  2 gnoll shamans (D:7)
  20 orc priests
  Crazy Yiuf (D:7)
  A bullfrog skeleton (D:7)
  2 iron imps (Abyss:3)
  26 jellies
  4 centaur skeletons
  4 iguanas
  31 orc wizards
  A lightning spire (Gauntlet)
  A killer bee zombie (D:7)
  6 ogre zombies (D:9)
  20 gnolls
  A howler monkey skeleton (D:6)
  6 adders
  2 white imps
  3 ufetubi
  2 worms (D:2)
  4 dart slugs
  71 orcs
  6 bats
  4 endoplasms
  2 giant cockroaches
  7 goblins
  6 hobgoblins
  3 jackals (D:4)
  4 quokkas
  9 ball pythons
  6 frilled lizards
  2 goblin skeletons (D:9)
  A goblin zombie (D:9)
  4 hobgoblin zombies (D:9)
  13 kobolds
  2 orc skeletons (D:9)
  10 orc zombies (D:9)
  6 rats
  A briar patch (Swamp:2)
  13 starspawn tentacles
2488 creatures vanquished.

Vanquished Creatures (collateral kills)
  A naga sharpshooter (Snake:3)
  A tengu warrior (D:14)
  A salamander mystic (Snake:3)
  A salamander (Snake:3)
  An ancient zyme (Abyss:3)
  A large abomination (Abyss:3)
6 creatures vanquished.

Vanquished Creatures (others)
  A golden dragon (Zot:5)
  A draconian monk (Zot:5)
  A draconian scorcher (Zot:5)
  A vault warden (Vaults:4)
  A deep elf high priest (Elf:1)
  3 deep elf knights
  2 ugly things
  A worldbinder (Vaults:4)
  2 yaktaurs (Vaults:4)
  2 bloated husks (Swamp:1)
  A raiju (Abyss:3)
  2 slime creatures
  An air elemental (Depths:3)
  6 golden eyes (Abyss:3)
  A golden eye (shapeshifter) (Depths:3)
  2 large abominations (Abyss:3)
  2 wolves (Depths:2)
  2 small abominations (Abyss:3)
  2 jellies (Zot:2)
  3 orc priests
  2 orc wizards
  A kobold (D:12)
  8 ball lightnings (Depths:3)
  2 briar patches (Swamp:2)
  16 foxfires
  31 fungi
  2 lurking horrors (Abyss:3)
  71 plants
  43 starspawn tentacles
213 creatures vanquished.

Grand Total: 2707 creatures vanquished

Notes
Turn   | Place    | Note
-------+----------+-------------------------------------------
     0 | D:1      | inmateoo the Demonspawn Monk began the quest for the Orb.
     0 | D:1      | Reached XP level 1. HP: 18/18 MP: 1/1
   555 | D:1      | Reached skill level 3 in Unarmed Combat
   555 | D:1      | Gained mutation: You are partially covered in slimy green
                  | scales. (AC +2) [demonic ancestry]
   555 | D:1      | Reached XP level 2. HP: 20/24 MP: 2/2
  1721 | D:2      | Gained mutation: You are mostly covered in slimy green
                  | scales. (AC +3) [demonic ancestry]
  1721 | D:2      | Reached XP level 3. HP: 29/29 MP: 3/3
  1804 | D:2      | Reached skill level 1 in Armour
  2113 | D:2      | Noticed Sigmund
  2308 | D:3      | Gained mutation: You regenerate magic rapidly. [demonic
                  | ancestry]
  2308 | D:3      | Reached XP level 4. HP: 28/35 MP: 4/4
  2678 | D:3      | Found the +1 Delatra's gloves {ID++}
  2707 | D:3      | Gained mutation: You have a pair of small horns on your
                  | head. [demonic ancestry]
  2707 | D:3      | Reached XP level 5. HP: 29/42 MP: 5/5
  2873 | D:3      | Reached skill level 4 in Unarmed Combat
  3309 | D:3      | Found a faded altar of an unknown god.
  3589 | D:4      | Noticed an ogre
  3589 | D:4      | Noticed an ogre
  3634 | D:3      | Killed an ogre
  3635 | D:3      | Reached XP level 6. HP: 48/48 MP: 6/6
  3960 | D:4      | Found a shimmering blue altar of Sif Muna.
  4078 | D:4      | Reached skill level 5 in Unarmed Combat
  4268 | D:4      | Gained mutation: Your demonic aura sometimes causes spilled
                  | blood to erupt in flames. [demonic ancestry]
  4268 | D:4      | Reached XP level 7. HP: 55/55 MP: 7/7
  5192 | D:2      | Killed Sigmund
  5193 | D:2      | Reached skill level 5 in Fighting
  5577 | D:5      | Entered Level 5 of the Dungeon
  5596 | D:5      | Reached skill level 6 in Unarmed Combat
  5596 | D:5      | Reached XP level 8. HP: 62/62 MP: 8/8
  6401 | D:6      | Reached skill level 5 in Dodging
  6927 | D:6      | Reached skill level 7 in Unarmed Combat
  7558 | D:7      | Gained mutation: You have a pair of horns on your head.
                  | [demonic ancestry]
  7558 | D:7      | Reached XP level 9. HP: 65/69 MP: 9/9
  7613 | D:7      | Found Dest's Magic Scroll Emporium.
  7619 | D:7      | Bought 2 scrolls of blinking for 180 gold pieces
  7619 | D:7      | Bought a scroll of teleportation for 36 gold pieces
  7718 | D:7      | Noticed a white ugly thing
  7731 | D:7      | Found a runed translucent gate.
  7731 | D:7      | Found a runed translucent gate.
  7734 | D:7      | Noticed carontestyx's ghost (novice DECj)
  7743 | D:7      | Found a runed translucent gate.
  8107 | D:7      | Found a staircase to the Ecumenical Temple.
  8136 | Temple   | Entered the Ecumenical Temple
  8374 | D:7      | Found a runed translucent door.
  8375 | D:7      | Noticed Crazy Yiuf
  8380 | D:7      | Killed Crazy Yiuf
  8506 | D:7      | Noticed Harold
  8532 | D:7      | Killed Harold
  8533 | D:7      | Reached skill level 5 in Armour
  8533 | D:7      | Reached skill level 8 in Unarmed Combat
  9070 | D:8      | Noticed Maurice
  9174 | D:8      | Killed Maurice
  9549 | D:8      | Reached skill level 9 in Unarmed Combat
  9549 | D:8      | Reached XP level 10. HP: 79/79 MP: 10/10
  9866 | D:8      | Found a transporter.
  9877 | D:8      | Found a transporter.
  9880 | D:8      | Found a viscous altar of Jiyva.
  9880 | D:8      | Noticed a great orb of eyes
 10037 | D:8      | Found a hide-covered altar of Uskayaw.
 10045 | D:8      | Found a stormy altar of Qazlal.
 10170 | D:9      | Noticed a two-headed ogre
 10183 | D:9      | Killed a two-headed ogre
 10199 | D:9      | Reached skill level 10 in Unarmed Combat
 10459 | D:9      | Found a staircase to the Lair.
 10501 | D:9      | Found a staircase to the Orcish Mines.
 10626 | D:9      | Reached skill level 11 in Unarmed Combat
 10860 | D:9      | Reached skill level 1 in Shields
 11006 | D:9      | Found a blossoming altar of Fedhas.
 11151 | D:10     | Entered Level 10 of the Dungeon
 11379 | D:9      | Reached XP level 11. HP: 75/86 MP: 11/11
 11485 | D:10     | Noticed Snorg
 11513 | D:10     | Killed Snorg
 11514 | D:10     | Reached skill level 12 in Unarmed Combat
 11757 | D:10     | Noticed a two-headed ogre
 11770 | D:10     | Killed a two-headed ogre
 11947 | D:10     | Found a snail-covered altar of Cheibriados.
 11985 | D:10     | Became a worshipper of Cheibriados the Contemplative
 11985 | D:10     | Reached * piety under Cheibriados
 11985 | D:10     | Reached ** piety under Cheibriados
 12294 | D:11     | You fall into a shaft and drop 3 floors!
 12312 | D:15     | Entered Level 15 of the Dungeon
 12344 | D:14     | Noticed a tengu warrior
 12344 | D:14     | Noticed a deep elf pyromancer
 12366 | D:14     | Killed a tengu warrior
 12367 | D:14     | Reached skill level 13 in Unarmed Combat
 12374 | D:14     | Noticed a centaur warrior
 12377 | D:14     | Killed a centaur warrior
 12520 | D:14     | Noticed a tengu warrior
 12600 | D:13     | Noticed a +3 long sword
 12609 | D:13     | Killed a +3 long sword
 12733 | D:13     | Found a gate to the Vaults.
 12733 | D:13     | Noticed a +5 long sword
 12735 | D:13     | Killed a +5 long sword
 12783 | D:13     | Reached skill level 14 in Unarmed Combat
 12822 | D:13     | Noticed a two-headed ogre
 12828 | D:13     | Killed a two-headed ogre
 12910 | D:12     | Noticed a six-headed hydra
 12920 | D:12     | Killed a six-headed hydra
 12921 | D:12     | Gained mutation: When hurt, damage is shared between your
                  | health and your magic reserves. [demonic ancestry]
 12921 | D:12     | Reached XP level 12. HP: 92/92 MP: 12/12
 12976 | D:12     | Noticed Erolcha
 12982 | D:12     | Killed Erolcha
 13138 | D:11     | Noticed Erica
 13150 | D:11     | Reached *** piety under Cheibriados
 13152 | D:11     | Killed Erica
 13247 | D:11     | Reached skill level 15 in Unarmed Combat
 13276 | D:11     | Reached skill level 1 in Invocations
 13406 | D:11     | Noticed a five-headed hydra
 13414 | D:11     | Killed a five-headed hydra
 13415 | D:11     | Reached skill level 1 in Spellcasting
 13533 | D:11     | Noticed a seven-headed hydra
 13560 | D:11     | Killed a seven-headed hydra
 13919 | D:12     | Reached skill level 1 in Evocations
 13977 | D:12     | Noticed a two-headed ogre
 13989 | D:11     | Killed a two-headed ogre
 13990 | D:11     | Reached **** piety under Cheibriados
 14076 | D:12     | Reached skill level 5 in Shields
 14089 | D:12     | Noticed a centaur warrior
 14092 | D:12     | Killed a centaur warrior
 14094 | D:12     | Noticed a centaur warrior
 14100 | D:12     | Killed a centaur warrior
 14103 | D:12     | Noticed a seven-headed hydra
 14111 | D:11     | Killed a seven-headed hydra
 14120 | D:11     | Gained mutation: Your demonic aura often causes spilled
                  | blood to erupt in flames. [demonic ancestry]
 14120 | D:11     | Reached XP level 13. HP: 93/100 MP: 8/17
 14281 | D:12     | Reached skill level 5 in Invocations
 14292 | D:12     | Reached ***** piety under Cheibriados
 14312 | D:12     | Found a runed translucent door.
 14804 | D:12     | Identified the ring of Zynnoi {Drain Int+5 Dex+3 SInv}
 14892 | D:13     | Found Riazxix's Weapon Boutique.
 14960 | D:13     | Identified the +7 scale mail of the Tired Artisans {rF-
                  | rCorr MP+9}
 15029 | D:13     | Found a runed translucent gate.
 15029 | D:13     | Found a runed translucent gate.
 15029 | D:13     | Found a runed translucent gate.
 15031 | D:13     | Noticed an acid blob
 15032 | D:13     | Noticed an acid blob
 15032 | D:13     | Noticed poire's ghost (journeyman DECj)
 15032 | D:13     | Noticed an acid blob
 15033 | D:13     | Noticed an azure jelly
 15033 | D:13     | Noticed an azure jelly
 15034 | D:13     | Noticed an azure jelly
 15059 | D:13     | Found a viscous altar of Jiyva.
 15286 | D:13     | Learned a level 1 spell: Apportation
 16256 | D:15     | Found Raotihe's Antique Weapon Shoppe.
 16468 | D:15     | Found Ameonwoc's Weapon Emporium.
 16596 | D:15     | Found Pubbuatiy's Assorted Antiques.
 16599 | D:15     | Bought a scroll of teleportation for 90 gold pieces
 16732 | D:15     | Reached skill level 5 in Evocations
 16814 | D:15     | Reached XP level 14. HP: 109/109 MP: 20/20
 17047 | D:15     | Found Unirir's Armour Boutique.
 17303 | D:12     | Reached skill level 10 in Fighting
 17376 | Lair:1   | Entered Level 1 of the Lair of Beasts
 17498 | Lair:1   | Reached skill level 16 in Unarmed Combat
 17601 | Lair:1   | Found a runed translucent door.
 17602 | Lair:1   | Noticed Jazqba's ghost (journeyman HOIE)
 17603 | Lair:1   | Identified the +2 trident "Tiejemid" {pain, Str+2 Dex+3
                  | Stlth+}
 18310 | Lair:2   | Found a gate leading to a gauntlet.
 18362 | Gauntlet | Entered a Gauntlet
 18362 | Gauntlet | Found a transporter.
 18372 | Gauntlet | Found a transporter.
 18373 | Gauntlet | Found a transporter.
 18374 | Gauntlet | Found a transporter.
 18381 | Gauntlet | Found a transporter.
 18384 | Gauntlet | Found a transporter.
 18385 | Gauntlet | Found a transporter.
 18396 | Gauntlet | Found a transporter.
 18397 | Gauntlet | Found a transporter.
 18397 | Gauntlet | Found a transporter.
 18408 | Gauntlet | Found a transporter.
 18408 | Gauntlet | Found a transporter.
 18409 | Gauntlet | Found a transporter.
 18417 | Gauntlet | Found a transporter.
 18454 | Gauntlet | Found a runed translucent door.
 18503 | Gauntlet | Reached ****** piety under Cheibriados
 18558 | Gauntlet | Learned a level 2 spell: Blink
 18661 | Gauntlet | Identified the +0 helmet of Dramatic Exits {*Corrode rPois
                  | Dex+2 Slay+3}
 18688 | Gauntlet | Identified a scroll of acquirement
 18688 | Gauntlet | Acquired a manual of Dodging
 18714 | Gauntlet | Identified the +1 ring mail of Seollepn {rF+ rC+}
 19019 | Lair:2   | Found a staircase to the Swamp.
 19238 | Lair:2   | You fall into a shaft and drop 2 floors!
 19842 | Lair:3   | Found a staircase to the Snake Pit.
 19942 | Lair:3   | Reached skill level 10 in Dodging
 19946 | Lair:3   | Paralysed by a hornet for 3 turns
 20037 | Lair:3   | Found the dreamshard necklace {*Dream Drain}
 20496 | Lair:4   | Reached skill level 17 in Unarmed Combat
 20596 | Lair:4   | Gained mutation: You are completely covered in slimy green
                  | scales. (AC +4, rPois) [demonic ancestry]
 20596 | Lair:4   | Reached XP level 15. HP: 118/120 MP: 19/21
 21234 | Lair:5   | Noticed Nessos
 21242 | Lair:5   | Killed Nessos
 21490 | Lair:5   | Noticed Josephine
 21497 | Lair:5   | Killed Josephine
 21773 | Lair:5   | Found a viscous altar of Jiyva.
 21773 | Lair:5   | Found a staircase to the Slime Pits.
 21854 | Lair:6   | Entered Level 6 of the Lair of Beasts
 21887 | Lair:6   | Found a transporter.
 22027 | Lair:6   | Found a transporter.
 22300 | Lair:6   | Noticed ZodNigurash's ghost (journeyman DjFE)
 22588 | Lair:6   | Reached skill level 18 in Unarmed Combat
 23144 | Orc:1    | Entered Level 1 of the Orcish Mines
 23144 | Orc:1    | Noticed Jorgrun
 23150 | Orc:1    | Killed Jorgrun
 23227 | Orc:1    | Noticed an orc warlord
 23243 | Orc:1    | Killed an orc warlord
 23317 | Orc:1    | Noticed Fannar
 23327 | Orc:1    | Killed Fannar
 23629 | Orc:1    | Reached skill level 5 in Spellcasting
 23629 | Orc:1    | Reached XP level 16. HP: 129/129 MP: 21/23
 23767 | Orc:1    | Found Lechugie's Antique Weapon Shoppe.
 23941 | Orc:2    | Entered Level 2 of the Orcish Mines
 23954 | Orc:2    | Found Bafu's Antique Armour Shoppe.
 24004 | Orc:2    | Noticed Saint Roka
 24015 | Orc:2    | Killed Saint Roka
 24295 | Orc:2    | Reached skill level 15 in Dodging
 24390 | Orc:2    | Found Sosulel's Armour Emporium.
 24390 | Orc:2    | Found Kuikuwne's Book Shop.
 24392 | Orc:2    | Found Xugom's Book Emporium.
 24392 | Orc:2    | Found Raelieg's General Store.
 24452 | Orc:2    | Bought a book of the Sky for 572 gold pieces
 24457 | Orc:2    | Learned a level 4 spell: Summon Lightning Spire
 24463 | Orc:2    | Learned a level 5 spell: Manifold Assault
 24471 | Orc:2    | Learned a level 7 spell: Storm Form
 24573 | Orc:2    | Found a staircase to the Elven Halls.
 24778 | Swamp:1  | Entered Level 1 of the Swamp
 24829 | Snake:1  | Entered Level 1 of the Snake Pit
 25021 | Snake:1  | Noticed Azrael
 25024 | Snake:1  | Reached skill level 1 in Summonings
 25024 | Snake:1  | Reached skill level 1 in Air Magic
 25026 | Snake:1  | Reached skill level 1 in Transmutations
 25028 | Snake:1  | Killed Azrael
 25248 | Snake:1  | Noticed Rupert
 25266 | Snake:1  | Acquired 644 gold pieces
 25284 | Snake:1  | Killed Rupert
 26443 | Snake:3  | Noticed Vashnia
 26449 | Snake:3  | Gained mutation: You have a pair of large horns on your
                  | head. [demonic ancestry]
 26449 | Snake:3  | Reached XP level 17. HP: 92/137 MP: 16/27
 26458 | Snake:3  | Reached skill level 5 in Transmutations
 26458 | Snake:3  | Gained mutation: When low on magic, you restore magic in
                  | place of health. [demonic ancestry]
 26458 | Snake:3  | Reached XP level 18. HP: 46/143 MP: 2/28
 26945 | Snake:3  | Found Athecos's Weapon Shoppe.
 26983 | Snake:3  | Found Keegaimp's General Store.
 26997 | Snake:3  | Bought a scroll of summoning for 123 gold pieces
 26997 | Snake:3  | Bought a scroll of teleportation for 39 gold pieces
 27072 | Snake:3  | Found a shimmering blue altar of Sif Muna.
 27172 | Snake:3  | Killed Vashnia
 28203 | Swamp:1  | Reached skill level 5 in Summonings
 28942 | Swamp:2  | Reached skill level 19 in Unarmed Combat
 29013 | Swamp:3  | Found a runed translucent gate.
 29118 | Swamp:3  | Reached skill level 5 in Air Magic
 29198 | Swamp:3  | Identified Roxanne's Guide on the Mountains
 29198 | Swamp:3  | Noticed Roxanne
 29441 | Swamp:3  | Found a runed translucent gate.
 29441 | Swamp:3  | Found a runed translucent gate.
 29442 | Swamp:3  | Noticed Qemahefa's ghost (adept GrFi)
 29492 | Swamp:3  | Killed Roxanne
 29503 | Swamp:3  | Learned a level 6 spell: Statue Form
 29677 | Swamp:3  | Killed Qemahefa's ghost
 29686 | Swamp:3  | Identified the +1 cloak "Yskiehut" {Contam rC+++ rN+ Dex+2}
 29720 | Swamp:4  | Entered Level 4 of the Swamp
 29788 | Swamp:4  | Reached skill level 1 in Earth Magic
 29942 | Swamp:4  | Noticed Nikola
 29953 | Swamp:4  | Killed Nikola
 30163 | Swamp:4  | Gained mutation: Your hexes are more powerful. [demonic
                  | ancestry]
 30163 | Swamp:4  | Reached XP level 19. HP: 114/152 MP: 25/31
 30352 | Swamp:4  | Got a decaying rune of Zot
 30769 | Snake:4  | Entered Level 4 of the Snake Pit
 31044 | Snake:4  | Got the Collected Works on Displacement and Poison
 31072 | Snake:4  | Reached skill level 5 in Earth Magic
 31295 | Snake:4  | Acquired 846 gold pieces
 31477 | Snake:4  | Got a serpentine rune of Zot
 31837 | Elf:1    | Entered Level 1 of the Elven Halls
 31859 | Elf:1    | Found a radiant altar of Vehumet.
 32310 | Elf:1    | Found Ezxeboy's Magic Scroll Boutique.
 32316 | Elf:1    | Bought a scroll of fog for 22 gold pieces
 32316 | Elf:1    | Bought a scroll of teleportation for 33 gold pieces
 32316 | Elf:1    | Bought 2 scrolls of enchant armour for 165 gold pieces
 32623 | Elf:2    | Found Baigauff's Assorted Antiques.
 32701 | Elf:2    | Found a runed translucent gate.
 32701 | Elf:2    | Found a runed translucent gate.
 32702 | Elf:2    | Found a runed translucent gate.
 32730 | Elf:2    | Reached skill level 10 in Transmutations
 32792 | Elf:2    | Found Qihygib's Weapon Emporium.
 32804 | Elf:2    | Found Xitusor's Jewellery Shop.
 32987 | Elf:2    | Noticed a Brimstone Fiend
 33175 | Elf:3    | Entered Level 3 of the Elven Halls
 33461 | Elf:3    | Reached skill level 15 in Fighting
 33554 | Elf:3    | Gained mutation: Your melee attacks may debilitate your
                  | foes. [demonic ancestry]
 33554 | Elf:3    | Reached XP level 20. HP: 162/162 MP: 32/32
 34330 | Elf:3    | Identified the ring "Ohututin" {rF+ Dex+3}
 34468 | Elf:3    | Got the Papyrus of Venomous Heat
 34479 | Elf:3    | Learned a level 5 spell: Borgnjor's Vile Clutch
 34576 | Elf:3    | Found the +7 Spriggan's Knife {stab, EV+4 Stlth+}
 34581 | Elf:3    | Identified the +3 scale mail of Ghostly Beauty {Will-
                  | Str+5}
 34601 | Elf:3    | Found the +9 sword of Zonguldrok {reap}
 34925 | Vaults:1 | Entered Level 1 of the Vaults
 35219 | Vaults:1 | Reached skill level 20 in Unarmed Combat
 35227 | Vaults:1 | Found Fyudoino's Magic Scroll Emporium.
 35235 | Vaults:1 | Bought 3 scrolls of teleportation for 144 gold pieces
 35235 | Vaults:1 | Bought a scroll of teleportation for 48 gold pieces
 35235 | Vaults:1 | Bought a scroll of blinking for 120 gold pieces
 35235 | Vaults:1 | Bought a scroll of fear for 56 gold pieces
 35235 | Vaults:1 | Bought a scroll of fog for 32 gold pieces
 35235 | Vaults:1 | Bought a scroll of magic mapping for 56 gold pieces
 35384 | Vaults:1 | Reached skill level 10 in Earth Magic
 35436 | Vaults:1 | Paralysed by a sphinx for 4 turns
 36255 | Vaults:2 | Gained mutation: You are surrounded by an aura of silence.
                  | [demonic ancestry]
 36255 | Vaults:2 | Reached XP level 21. HP: 168/168 MP: 33/33
 36367 | Vaults:2 | You fall into a shaft and drop 1 floor!
 36589 | Vaults:3 | Found a staircase to the Crypt.
 36696 | Vaults:3 | Paralysed by a great orb of eyes for 3 turns
 37454 | Vaults:3 | Found Focant Nahu's Weapon Shop.
 37566 | Vaults:4 | Cast into level 2 of the Abyss (a wizard)
 37635 | Abyss:3  | Found a corrupted altar of Lugonu.
 37647 | Abyss:3  | Found a basalt altar of Yredelemnul.
 38042 | Abyss:3  | Gained mutation: Your spells are a little easier to cast,
                  | but a little less powerful. [a neqoxec]
 38079 | Abyss:3  | Paralysed by accursed screaming for 1 turns
 38209 | Abyss:3  | Paralysed by accursed screaming for 1 turns
 38506 | Abyss:3  | Noticed a dread lich
 38513 | Abyss:3  | Killed a dread lich
 38557 | Abyss:3  | Paralysed by accursed screaming for 1 turns
 38789 | Abyss:4  | Gained mutation: You sometimes lose the ability to read
                  | scrolls when taking damage. [a neqoxec]
 38842 | Abyss:4  | Paralysed by a floating eye for 3 turns
 38851 | Abyss:5  | Entered Level 5 of the Abyss
 38872 | Abyss:5  | Reached XP level 22. HP: 176/176 MP: 21/27
 38872 | Abyss:5  | Reached XP level 23. HP: 182/182 MP: 21/28
 38872 | Abyss:5  | Got an abyssal rune of Zot
 39077 | Abyss:5  | Paralysed by accursed screaming for 1 turns
 39094 | Vaults:4 | Escaped the Abyss
 39186 | Vaults:4 | Reached skill level 10 in Invocations
 39188 | Vaults:4 | HP: 11/236 [yaktaur/bolt (11)]
 39216 | Vaults:4 | Lost mutation: You sometimes lose the ability to read
                  | scrolls when taking damage. [potion of mutation]
 39216 | Vaults:4 | Lost mutation: Your spells are a little easier to cast, but
                  | a little less powerful. [potion of mutation]
 39216 | Vaults:4 | Gained mutation: You have hidden genetic defects. [potion
                  | of mutation]
 39217 | Vaults:4 | Lost mutation: You have hidden genetic defects. [potion of
                  | mutation]
 39217 | Vaults:4 | Gained mutation: You are dopey. (Int -2) [potion of
                  | mutation]
 39217 | Vaults:4 | Gained mutation: You possess an exceptional clarity of
                  | mind. [potion of mutation]
 39217 | Vaults:4 | Gained mutation: Your flesh is heat resistant. (rF+)
                  | [potion of mutation]
 39551 | Vaults:4 | Found the +1 robe of Vines {NoPotionHeal Regen++++}
 39771 | Vaults:4 | Found Istraaqyi's Antique Weapon Boutique.
 41021 | D:13     | Reached XP level 24. HP: 191/191 MP: 30/36
 41027 | D:13     | Reached skill level 10 in Spellcasting
 41027 | D:13     | Killed poire's ghost
 41648 | D:7      | Killed carontestyx's ghost
 41962 | Lair:1   | Killed Jazqba's ghost
 41987 | Lair:1   | Learned a level 2 spell: Passwall
 41993 | Lair:1   | Learned a level 5 spell: Summon Forest
 42171 | Lair:6   | Killed ZodNigurash's ghost
 42173 | Lair:6   | Identified the +2 hat "Pihu" {rElec Str-5 Int+5}
 43086 | D:15     | Found a staircase to the Depths.
 43103 | Depths:1 | Entered Level 1 of the Depths
 43194 | Depths:1 | Got the Catalogue of Bewitchment and Clay
 43233 | Depths:1 | Found a gateway to Hell.
 43436 | Depths:1 | Noticed a juggernaut
 43445 | Depths:1 | Killed a juggernaut
 43559 | Depths:1 | Noticed a juggernaut
 43569 | Depths:1 | Killed a juggernaut
 43631 | Depths:1 | Found a one-way gate to the infinite horrors of the Abyss.
 43639 | Depths:1 | Reached skill level 21 in Unarmed Combat
 43934 | Depths:1 | Found Boge's Book Boutique.
 43935 | Depths:1 | Found Pemun's Jewellery Emporium.
 43935 | Depths:1 | Found Haiprin's Jewellery Emporium.
 44228 | Depths:2 | Noticed Sojobo
 44238 | Depths:2 | Killed Sojobo
 44349 | Depths:2 | Found a basalt altar of Yredelemnul.
 44474 | Depths:2 | Noticed Aizul
 44478 | Depths:2 | Killed Aizul
 44506 | Depths:2 | Reached XP level 25. HP: 204/204 MP: 38/38
 44576 | Depths:2 | Learned a level 4 spell: Passage of Golubria
 44652 | Depths:2 | Found Sotz's Assorted Antiques.
 44870 | Depths:2 | Found an ancient bone altar of Kikubaaqudgha.
 45102 | Depths:2 | Noticed Bai Suzhen
 45109 | Depths:2 | Killed Bai Suzhen
 45201 | Depths:2 | Found a one-way gate leading to the halls of Pandemonium.
 45434 | Depths:3 | Paralysed by an air elemental for 1 turns
 45439 | Depths:3 | Paralysed by an air elemental for 1 turns
 45455 | Depths:3 | Noticed a juggernaut
 45455 | Depths:3 | a shadow dragon changed into a juggernaut
 45457 | Depths:3 | a juggernaut changed into an acid blob
 45896 | Orc:2    | Bought a book of Changes for 234 gold pieces
 45896 | Orc:2    | Bought a Fen Folio for 546 gold pieces
 45896 | Orc:2    | Bought a book of Storms for 416 gold pieces
 45899 | Orc:2    | Learned a level 2 spell: Wereblood
 46432 | Depths:3 | Found a one-way gateway to a ziggurat.
 46513 | Depths:3 | Identified the ring "Ihailemi" {MP+9 Dex+4 Stlth+}
 46609 | Depths:3 | Got the Collected Works on Blistering Stolen Souls
 46799 | Depths:4 | Entered Level 4 of the Depths
 46935 | Depths:4 | Noticed Margery
 46944 | Depths:4 | Killed Margery
 47189 | Depths:4 | Found a gate to the Realm of Zot.
 47488 | Zot:1    | Entered Level 1 of the Realm of Zot
 47627 | Zot:1    | Reached skill level 22 in Unarmed Combat
 47762 | Zot:1    | Reached XP level 26. HP: 218/218 MP: 40/40
 48229 | Zot:2    | Found a transporter.
 48234 | Zot:2    | Noticed Muataran's ghost (veteran MiMo)
 48293 | Zot:2    | Found a transporter.
 49333 | Zot:3    | Noticed an orb of fire
 49344 | Zot:3    | Killed an orb of fire
 50055 | Zot:3    | You fall into a shaft and drop 1 floor!
 50402 | Zot:4    | Reached skill level 23 in Unarmed Combat
 50671 | Zot:4    | Gained mutation: Your demonic aura causes all spilled blood
                  | to erupt in flames. [demonic ancestry]
 50671 | Zot:4    | Reached XP level 27. HP: 229/229 MP: 41/41
 51136 | Zot:5    | Entered Level 5 of the Realm of Zot
 51517 | Zot:5    | Noticed an orb of fire
 51684 | Zot:5    | Noticed an ancient lich
 51690 | Zot:5    | Killed an ancient lich
 51733 | Zot:5    | Noticed an orb of fire
 51733 | Zot:5    | Noticed an ancient lich
 51742 | Zot:5    | Noticed a dread lich
 51747 | Zot:5    | Noticed a dread lich
 51750 | Zot:5    | Killed a dread lich
 51751 | Zot:5    | Gained mutation: You occasionally shout uncontrollably at
                  | your foes. [a cacodemon]
 51753 | Zot:5    | Killed an orb of fire
 51756 | Zot:5    | Killed a dread lich
 51770 | Zot:5    | Killed an ancient lich
 51776 | Zot:5    | Reached skill level 24 in Unarmed Combat
 51995 | Zot:5    | Noticed an orb of fire
 51999 | Zot:5    | Killed an orb of fire
 52069 | Zot:5    | Cast into level 4 of the Abyss (Killer Klown)
 52069 | Abyss:4  | Found a corrupted altar of Lugonu.
 52086 | Zot:5    | Escaped the Abyss
 52267 | Zot:5    | Noticed an orb of fire
 52275 | Zot:5    | Gained mutation: You are very dopey. (Int -4) [an orb of
                  | fire]
 52279 | Zot:5    | Killed an orb of fire
 52644 | Zot:5    | Got the Orb of Zot
 52720 | Zot:4    | Noticed Iqanwona the pandemonium lord
 52730 | Zot:4    | Killed Iqanwona the pandemonium lord
 52875 | Depths:3 | Noticed Qytitut the pandemonium lord
 52882 | Depths:3 | Killed Qytitut the pandemonium lord
 52953 | Depths:3 | Noticed Adotac the pandemonium lord
 53147 | D:11     | Noticed Mesmifi the pandemonium lord
 53156 | D:11     | Killed Mesmifi the pandemonium lord
 53257 | D:7      | Noticed a seraph
 53271 | D:7      | Killed a seraph
 53313 | D:6      | Noticed Hotuick the pandemonium lord
 53320 | D:6      | Killed Hotuick the pandemonium lord
 53390 | D:5      | Noticed Pereug the pandemonium lord
 53508 | D:$      | Escaped with the Orb!

Illustrated notes

Levels and vault maps discovered:
D:1:      giann_forest_graveyard, layout_basic
D:2:      layout_basic, basic_altar, serial_corexii_hall,
          corexii_hall_statues_i, corexii_hall_statues_i,
          corexii_hall_statues_t, corexii_hall_statues_u,
          minmay_divided_ellipse, uniq_sigmund
D:3:      layout_rooms, shapermc_ecumenical_altar_petra,
          pf_guarded_unrand_delatra
D:4:      layout_layer_cave, led_sif_book
D:5:      layout_basic
D:6:      layout_basic, centaur_isle
D:7:      layout_basic, minmay_temple_entry_statues_fountains,
          gammafunk_ghost_split, serial_shops, shop, roderic_lattice_a,
          uniq_harold, uniq_crazy_yiuf_cottage
D:8:      gammafunk_jiyva_shrine, layout_gridville,
          grunt_temple_overflow_diamond, lightli_orcish_oven, uniq_maurice
D:9:      layout_long_grid, kennysheep_mini_moat, due_lair_maze_entry_diamond,
          zombieorc1_lemuel
D:10:     layout_gridville, general_overflow_altar, uniq_snorg
D:11:     layout_loops_cross, uniq_erica
D:12:     minmay_the_grid_triangle_9x9_rhombus_full_mashed
          [minmay_the_grid_triangle_9x9_sprig,
          minmay_the_grid_triangle_9x9_skeleton,
          minmay_the_grid_triangle_9x9_limited_checkers,
          minmay_the_grid_triangle_9x9_checkered,
          minmay_the_grid_triangle_9x9_subtriangle,
          minmay_the_grid_triangle_9x9_stretched_checkered,
          minmay_the_grid_triangle_9x9_flanged_cone,
          minmay_the_grid_triangle_9x9_prize_center], layout_basic, uniq_erolcha
D:13:     layout_layer_cave, erik_vaults_1, gammafunk_ghost_ooze, serial_shops,
          shop
D:14:     layout_gridville
D:15:     grunt_enter_depths_snipers, layout_layer_cave, minmay_misc_feat_chi,
          serial_shops, shop_statue, nicolae_shop_hallway_stairs,
          nicolae_shop_competitors_out_of_business, nicolae_shop_stone
Temple:   eino_temple_scatter_basement
Lair:1:   layout_cave_pods, ebering_ghost_funeral_grove
Lair:2:   layout_gridlike, nicolae_swamp_entry_splash_gauntlet,
          nicolae_volcano_entry_s_turn, gauntlet_entry_generic
Lair:3:   cheibrodos_lair_overgrown_chateau, layout_gridlike,
          minmay_snake_entry_six_corridors
Lair:4:   layout_regular_city, lemuel_fruit_fields, grunt_megastairs_1,
          infiniplex_staircase_pool_2
Lair:5:   layout_regular_city, dpeg_slime_entry_enclosed_altar,
          grunt_megastairs_4, uniq_nessos, uniq_josephine
Lair:6:   evilmike_catoblepas_cave, layout_cave_pods,
          gammafunk_ghost_berserking_beasts
Swamp:1:  layout_falls_marsh, hangedman_swamp_cone
Swamp:2:  layout_basic_swamp, nicolae_swamp_fairy_circle
Swamp:3:  layout_falls_marsh, gammafunk_ghost_hydra_chop,
          infiniplex_staircase_pool, nicolae_swamp_bean_lake, uniq_roxanne
Swamp:4:  swamp, layout_basic_swamp, uniq_nikola
Snake:1:  layout_rooms, nicolae_snake_gridmaze_entwining, uniq_rupert,
          uniq_azrael
Snake:2:  layout_onion, abandoned_shop, drop_trap
Snake:3:  layout_grid_maze, basic_altar, drop_trap,
          nicolae_snake_slithery_corners, lemuel_fruit_tree, minmay_shoptagon,
          uniq_vashnia
Snake:4:  grunt_snake_rune_pools, layout_cave_town
Orc:1:    nicolae_orc_accident_1, layout_caves, serial_shops,
          nicolae_shop_temple_entry_statues_fountains, elves_outpost_lemuel,
          uniq_jorgrun, uniq_fannar
Orc:2:    grunt_orc_tribal_feast, layout_diamond_mine, serial_shops,
          nicolae_shop_waterfront, uniq_saint_roka
Elf:1:    eino_elf_arrival_altar, layout_loops_ring, serial_shops, shop,
          hangedman_elf_represent
Elf:2:    elven_hall_of_blades_hangedman_original
          [infiniplex_blade_entry_pillars], layout_onion_city, st_stairs_9,
          nicolae_stop_n_shop_1, nicolae_wooded_promenade
Elf:3:    elf_hall_gauntlet_wide, layout_geoelf_castle
Vaults:1: nicolae_vaults_quartermaster, grunt_vaults_swirl,
          nicolae_vaults_what_the_h, v_misc_26, vaults_mumra_chevron_long,
          nicolae_vaults_mini_display_case, ontoclasm_vaults_misaligned,
          ontoclasm_vaults_misaligned, dpeg_vaults_monster_box,
          nicolae_vaults_ring_of_whatevers, nicolae_vaults_network_square,
          nicolae_vaults_little_squares_5, vaults_room_hallway,
          layout_vaults_ring, serial_shops, shop
Vaults:2: v_rooms_5, nicolae_vaults_yaktaur_gun_rack,
          nicolae_vaults_network_barrier, serial_ice_b, v_pattern_2,
          vaults_dpeg_diagonal, vaults_standard_mumra_lines, v_misc_5,
          nicolae_vaults_rhombus_5, nicolae_vaults_theta,
          nicolae_vaults_rhombus_5, layout_vaults_omnibox
Vaults:3: blue_anna_dwarven_crypt, ontoclasm_vaults_gateway, v_pattern_1,
          vaults_dpeg_ring, nicolae_vaults_little_squares_5,
          hangedman_vaults_slice, ontoclasm_vaults_eye, layout_vaults_omnigrid,
          serial_shops, nicolae_diamond_shop
Vaults:4: vaults_room_hallway, vaults_mumra_minichess_inversion,
          vaults_room_grunt_arrival_ludios, v_alt_pattern_6, v_misc_8,
          vaults_room_ringed_pool, ontoclasm_vaults_loading_screen,
          nicolae_vaults_alarming, special_room_vaults [special_room_orc],
          layout_vaults_big_room, serial_shops, shop
Depths:1: minmay_swirls_squares, layout_long_grid, hell_entry,
          minmay_misc_feat_iff, minmay_room_of_horrors, minmay_shop_grove
Depths:2: lemuel_vampire_tower, layout_basic,
          nicolae_kikubaaqudgha_miasma_corner, serial_shops,
          nicolae_take_the_stairs, hellmouth_1, rand_demon_pan_entry_4,
          uniq_aizul, uniq_bai_suzhen, uniq_sojobo
Depths:3: radiant_caverns_a_rkd, abyss_entry, hell_entry
Depths:4: grunt_twist_and_shout, layout_cave_pools, chequers_hall_statues_y,
          abyss_entry, pf_hell_entry_great_geh, uniq_margery
Zot:1:    layout_twisted_circle, grunt_ministairs_1, st_stairs_5,
          st_small_dragon_hoard_1, hangedman_zot_gyre, skrybe_zot_glass_2
Zot:2:    lemuel_acid_trip, layout_concentric_octagons, gammafunk_ghost_arena
Zot:3:    layout_cathedral_of_symmetry, lemuel_elevator
Zot:4:    layout_concentric_octagons, grunt_megastairs_3
Zot:5:    layout_gridlike, grunt_ministairs_4, nrook_zot_tub

Skill      XL: |  1  2  3  4  5  6  7  8  9 10 11 12 13 14 15 16 17 18 19 20 21 22 23 24 25 26 27 |
---------------+----------------------------------------------------------------------------------+-----
Unarmed Combat | 3 4 5 6 7 9 11 14 15 17 18 19 20 21 22 23 24 | 24.0
Armour         | 1 2 3 4 5 6 7 8 |  8.0
Dodging        | 3 4 5 6 8 10 14 15 16 17 18 20 21 | 21.4
Fighting       | 4 5 6 7 8 9 12 13 14 15 16 18 20 21 23 | 23.4
Shields        | 2 4 5 6 |  6.0
Invocations    | 4 7 8 9 10 | 10.0
Spellcasting   | 2 4 5 6 8 9 11 13 14 | 14.0
Evocations     | 2 5 |  5.0
Summonings     | 3 6 |  6.0
Air Magic      | 3 5 |  5.1
Transmutations | 3 5 7 10 13 14 | 14.0
Earth Magic    | 2 7 10 11 12 14 | 14.0
Stealth        | |  1.7

Action                   |  1- 3 |  4- 6 |  7- 9 | 10-12 | 13-15 | 16-18 | 19-21 | 22-24 | 25-27 || total
-------------------------+-------+-------+-------+-------+-------+-------+-------+-------+-------++-------
Melee: Unarmed           |   194 |   211 |   349 |   493 |   844 |   923 |  1026 |   625 |  1002 ||  5667
       Punch             |     3 |     9 |    13 |    14 |       |    22 |   132 |    98 |   182 ||   473
       Headbutt          |       |    18 |    88 |   150 |   233 |   273 |   273 |   174 |   327 ||  1536
Throw: Dart              |       |       |     6 |     1 |     7 |     1 |     8 |       |       ||    23
 Cast: Statue Form       |       |       |       |       |       |       |   107 |    56 |   108 ||   271
       Apportation       |       |       |       |       |       |       |     1 |       |       ||     1
       Borgnjor's Vile C |       |       |       |       |       |       |     1 |       |       ||     1
       Manifold Assault  |       |       |       |       |       |       |       |     3 |     6 ||     9
       Summon Lightning  |       |       |       |       |       |       |       |     1 |       ||     1
       Wereblood         |       |       |       |       |       |       |       |       |    59 ||    59
       Blink             |       |       |       |       |       |       |       |       |    14 ||    14
       Passage of Golubr |       |       |       |       |       |       |       |       |     4 ||     4
       Passwall          |       |       |       |       |       |       |       |       |     4 ||     4
Invok: Slouch            |       |       |       |       |     1 |     8 |     4 |     5 |     4 ||    22
       Temporal Distorti |       |       |       |       |       |     2 |     2 |       |     2 ||     6
 Abil: End Transformatio |       |       |       |       |       |       |       |     1 |       ||     1
Evoke: Wand              |       |       |       |    14 |     3 |    25 |    16 |    10 |     2 ||    70
       Condenser vane    |       |       |       |       |       |     3 |     1 |     2 |     1 ||     7
  Use: Potion            |     1 |     1 |     2 |     4 |     2 |     2 |     6 |    18 |       ||    36
       Scroll            |     2 |     7 |    10 |     8 |     5 |    10 |     6 |     3 |     6 ||    57
 Stab: Sleeping          |     3 |     1 |     1 |     3 |    15 |     5 |    10 |    11 |     6 ||    55
       Distracted        |       |       |     1 |       |     4 |     3 |     9 |     1 |     2 ||    20
       Paralysed         |       |       |       |     4 |       |     3 |     2 |       |       ||     9
       Invisible         |       |       |       |       |     1 |       |       |       |       ||     1
       Confused          |       |       |       |       |       |     2 |     1 |       |       ||     3
Armor: Robe              |     7 |       |       |       |       |       |       |    19 |    16 ||    42
       Ring mail         |    34 |    62 |   111 |    49 |       |       |       |       |       ||   256
       Leather armour    |     6 |       |       |       |       |       |       |       |       ||     6
       Skin              |       |       |     1 |     2 |       |       |   420 |   257 |   412 ||  1092
       Troll leather arm |       |       |       |   138 |   235 |   211 |    38 |       |       ||   622
Dodge: Dodged            |   108 |    90 |   138 |   237 |   603 |  1081 |  2278 |  1391 |  2198 ||  8124
Block: Other             |    38 |    28 |    69 |    34 |       |       |       |       |       ||   169
       Reflection        |       |       |     2 |    17 |     2 |       |       |       |       ||    21
       Buckler           |       |       |       |   208 |   309 |    96 |       |       |       ||   613
       Kite shield       |       |       |       |       |       |   611 |       |       |       ||   611
